 Dungeon Crawl Stone Soup version 0.19-a0-1870-gc32fe5a (webtiles) character file.

12 efeugfuoejbhfjlelj the Sneak (level 2, -3/14 HPs)
             Began as a Spriggan Assassin on Oct 13, 2016.
             Killed from afar by Sigmund (5 damage)
             ... with a puff of flame
             ... on level 2 of the Dungeon.
             The game lasted 00:02:45 (827 turns).

efeugfuoejbhfjlelj the Sneak (Spriggan Assassin)     Turns: 827, Time: 00:02:46

Health: -3/14      AC:  3    Str:  7    XL:     2   Next: 20%
Magic:  3/3        EV: 17    Int: 12    God:
Gold:   87         SH:  0    Dex: 17    Spells: 0 memorised, 1 level left

rFire  + . .     SeeInvis +     a - +2 dagger
rCold  + . .     Gourm    .     c - +0 robe
rNeg   . . .     Faith    .     (shield restricted)
rPois  +         Spirit   .     (helmet restricted)
rElec  +         Dismiss  .     d - +0 cloak
rCorr  +         Reflect  .     (gloves unavailable)
MR     .....     Harm     .     (boots unavailable)
Stlth  ++++......               (no amulet)
                                (no ring)
                                (no ring)

@: exhausted, resistant, slowed, quick
A: unfitting armour, see invisible, deterioration 1, herbivore 3, speed 3,
poison resistance, slow regeneration 1, slow metabolism 2
a: no special abilities


You were on level 2 of the Dungeon.
You were not hungry.

You visited 1 branch of the dungeon, and saw 2 of its levels.

You collected 87 gold pieces.

Inventory:

Hand Weapons
 a - a +2 dagger (weapon)
 b - a +0 blowgun
Missiles
 e - 9 poisoned needles
Armour
 c - a +0 robe (worn)
 d - a +0 cloak (worn)
Scrolls
 i - a scroll of immolation {unknown}
 m - a scroll of identify {unknown}
Comestibles
 g - 2 bread rations
 l - a slice of pizza


   Skills:
 - Level 1.5 Fighting
 - Level 2.1 Short Blades
 - Level 2.0 Throwing
 - Level 1.5 Dodging
 + Level 6.8 Stealth


You had one spell level left.
You didn't know any spells.

Dungeon Overview and Level Annotations

Branches:
Dungeon (2/15)

Altars:

Annotations:
D:2 Sigmund


Innate Abilities, Weirdness & Mutations

You are very small and have problems with some larger weapons.
You are too small for most types of armour.
You have supernaturally acute eyesight. (SInv)
You are a herbivore.
You cover ground extremely quickly.
You need consume almost no food.
Your body sometimes deteriorates upon taking damage.
Your system is resistant to poisons. (rPois)
You regenerate slowly when monsters are visible.


Message History

It was a potion of mutation.
You feel extremely strange.
You feel resistant to poisons.
Your regeneration weakens near monsters.
You feel yourself wasting away.
Sigmund gestures wildly while chanting.
Sigmund flickers and vanishes for a moment.
A hobgoblin comes into view. It is wielding a club.
Sigmund zaps a wand.
You hear a grinding noise.
It is a wand of digging.
You are too injured to fight recklessly!
You are too injured to fight recklessly!
You are too injured to fight recklessly!
Sigmund zaps a wand.
You hear a grinding noise.
You hear a zap.
Some rock shatters into small pieces.
Sigmund casts a spell at you. The puff of flame hits you! You resist.
You die...

#.....#. ..## # #.....#.
#..###.##
#.....#.#.##########........
#.......@..................#
#.......######.#####.####...
#...$.#..## #....... #
#....$#...### #.....#
#...........#####@##.#
######...##..@.......#
#(...#######.#.## #........#
#....# #..)####...##g.##
###.# . ##... #@# #.... #.#
.....# #(# ....## #(#


You could see Sigmund (invisible).

Vanquished Creatures
  A dart slug (D:1)
  A leopard gecko (D:2)
  A goblin (D:2)
  A hobgoblin (D:1)
  3 bats (D:1)
  2 frilled lizards
  A kobold (D:1)
  A rat (D:1)
11 creatures vanquished.

Notes
Turn   | Place    | Note
-------+----------+-------------------------------------------
     0 | D:1      | efeugfuoejbhfjlelj the Spriggan Assassin began the quest for the Orb.
     0 | D:1      | Reached XP level 1. HP: 10/10 MP: 2/2
    71 | D:1      | Reached skill level 6 in Stealth
   568 | D:1      | Reached XP level 2. HP: 14/14 MP: 3/3
   744 | D:2      | Noticed Sigmund
   814 | D:2      | Gained mutation: Your system is resistant to poisons. (rPois) [potion of mutation]
   814 | D:2      | Gained mutation: You regenerate slowly when monsters are visible. [potion of mutation]
   814 | D:2      | Gained mutation: Your body sometimes deteriorates upon taking damage. [potion of mutation]
   827 | D:2      | Killed from afar by Sigmund

Vault maps used:
D:1:      lemuel_arrival_rhombus
D:2:      cheibriados_altar_1, lemuel_coloured_pillars_altar, first_bread,
          uniq_sigmund

Skill      XL: |  1 |
---------------+----+-----
Stealth        | 6 |  6.8
Fighting       | |  1.5
Short Blades   | |  2.1
Throwing       | |  2.0
Dodging        | |  1.5

Action                   || total
-------------------------++-------
Melee: Dagger            ||    30
 Fire: Blowgun           ||     8
  Use: Potion            ||     5
 Stab: Sleeping          ||     6
Armor: Robe              ||     1
Dodge: Dodged            ||    19
